 Dungeon Crawl Stone Soup version 0.31-a0-217-g58bb5d79cf (webtiles) character file.

Game seed: 959895518226210708

95 qw the Chopper (level 4, -4/28 HPs)
             Began as a Gargoyle Fighter on July 2, 2023.
             Slain by a gnoll
             ... wielding the +4 war axe of Tartarus {flame, rCorr SInv}
              (11 damage)
             ... on level 2 of the Dungeon.
             The game lasted 00:00:36 (1225 turns).

qw the Chopper (Gargoyle Fighter)                   Turns: 1225, Time: 00:00:36

Health: -4/28      AC: 12    Str: 21    XL:     4   Next: 66%
Magic:  4/4        EV: 10    Int:  9    God:
Gold:   99         SH:  5    Dex: 15    Spells: 3/3 levels left

rFire   . . .        Y - +0 war axe
rCold   . . .        c - +0 buckler
rNeg    + . .        b - +0 scale mail
rPois   inf          (no helmet)
rElec   +            (no cloak)
rCorr   .            h - +1 pair of gloves {hurl}
SInv    .            (no boots)
Will    .....        (no amulet) Stlth
                     g - +6 ring of dexterity
HPRegen 0.24/turn    (no ring)
MPRegen 0.09/turn

%: no passive effects
@: no status effects
A: sickness immunity, AC +3, negative energy resistance 1, electricity
resistance, torment resistance 1, petrification resistance
a: no special abilities


You were on level 2 of the Dungeon.
You visited 1 branch of the dungeon, and saw 2 of its levels.

You collected 99 gold pieces.


Innate Abilities, Weirdness & Mutations

You are immune to sickness and miasma.
Your stone body is resilient. (AC +3)
You are immune to poison.
You resist negative energy. (rN+)
You are resistant to electric shocks. (rElec)
You are resistant to unholy torment.
You are immune to petrification.


   Skills:
 - Level 3.2 Fighting
 + Level 3.6 Axes
 - Level 1.2 Throwing
 - Level 3.2 Armour
 - Level 1.1 Dodging
 - Level 3.2 Shields


You had 3 spell levels left.
You didn't know any spells.
Your spell library was empty.

Inventory:

Hand Weapons
 l - a +0 mace
 Y - a +0 war axe (weapon)
Missiles
 f - a javelin (quivered)
Armour
 b - a +0 scale mail (worn)
 c - a +0 buckler (worn)
 h - a +1 pair of gloves of hurling (worn)
Jewellery
 g - a +6 ring of dexterity (left hand)
Scrolls
 a - 4 scrolls of identify
 e - a scroll of vulnerability {unknown}
 i - a scroll of teleportation
 j - a scroll of revelation {unknown}
Potions
 d - a potion of might
 k - a potion of brilliance {unknown}
 m - 2 potions of heal wounds {unknown}

Dungeon Overview and Level Annotations

Branches:
Dungeon (2/15)

Altars:


Message History

Enter note:
Enter note:
Enter note:
Enter note:
Enter note:
Enter note:
Enter note:
Enter note:
Enter note: The gnoll throws a stone.
The stone hits you but does no damage.
Enter note:
Enter note:
Enter note:
Enter note:
Enter note:
Enter note: A kobold comes into view. It is wielding a +0 dagger.
Enter note:
Enter note:
Enter note:
Enter note:
Enter note:
Enter note: The kobold shouts!
The gnoll hits you with the +4 war axe of Tartarus {flame, rCorr SInv}.
The gnoll burns you.
A gnoll comes into view. It is wielding a +0 whip.
Enter note:
Enter note:
Enter note:
Enter note:
Enter note:
Enter note: The gnoll shouts!
You hit the gnoll.
The gnoll is moderately wounded.
The gnoll hits you with the +4 war axe of Tartarus {flame, rCorr SInv}!
The gnoll burns you.
The gnoll hits you with the +4 war axe of Tartarus {flame, rCorr SInv}!
You die...

. #.# # # #.# # #.#.# # #.#
.#.#### # #.. ..... # ... #g#.#
####### #.##.###.#.##############
......# #......g@................
...)#.###.##..##.#.#############.
.###....#.##......... #. .#
#.##.......K..#.### #####.
.###....#.##..####.# .......
#...#.###..........# ######.
##............###### ##
.....###.####.# ##.#.# #.# #


You could see 2 gnolls and a kobold.

Vanquished Creatures
  A hound (D:2)
  2 gnolls (D:2)
  2 adders (D:2)
  2 ball pythons
  3 endoplasms
  4 goblins (D:1)
  2 hobgoblins
  A quokka (D:1)
  5 bats
  A frilled lizard (D:1)
  2 kobolds
  5 rats
30 creatures vanquished.

Notes
Turn   | Place    | Note
-------+----------+-------------------------------------------
     0 | D:1      | qw the Gargoyle Fighter began the quest for the Orb.
     0 | D:1      | Reached XP level 1. HP: 14/14 MP: 1/1
     0 | D:1      | 0 ||| qw: Version: 0.3-a-40-ge99b1a8
     0 | D:1      | 0 ||| qw: Game counter: 19
     0 | D:1      | 0 ||| qw: Melee chars always use a shield: true
     0 | D:1      | 0 ||| qw: God list: Okawaru
     0 | D:1      | 0 ||| qw: Allow faded altars: false
     0 | D:1      | 0 ||| qw: Do Orc after clearing Dungeon:15 true
     0 | D:1      | 0 ||| qw: Do second Lair branch before Depths: true
     0 | D:1      | 0 ||| qw: Lair rune preference: random
     0 | D:1      | 0 ||| qw: Goals: Normal, Zot:1-4, Slime:5, God:TSO, Crypt,
                  | Tomb, Abyss, Pan, Hells, Win
     0 | D:1      | 0 ||| PLANNING D:1-11
    73 | D:1      | Reached XP level 2. HP: 19/19 MP: 2/2
   597 | D:1      | 597 ||| UPGRADING to +1 pair of gloves of hurling.
   602 | D:1      | 602 ||| UPGRADING to +6 ring of dexterity.
   603 | D:1      | 603 ||| READING 5 scrolls labelled SIHUON NAJAMN.
   604 | D:1      | 604 ||| READING scroll labelled PEULOANOATS.
   605 | D:1      | 605 ||| READING scroll labelled MIYKHI OMOP.
   608 | D:1      | 608 ||| READING 4 scrolls of identify.
   608 | D:1      | 608 ||| IDENTIFYING emerald potion
   609 | D:1      | 609 ||| DROPPING potion of berserk rage.
   719 | D:2      | Reached skill level 3 in Axes
   719 | D:2      | Reached XP level 3. HP: 17/23 MP: 3/3
   749 | D:2      | 749 ||| Stepping ~*~*~tactically~*~*~ (stealth).
   756 | D:2      | Reached XP level 4. HP: 26/28 MP: 4/4
   769 | D:2      | 769 ||| Stepping ~*~*~tactically~*~*~ (stealth).
   781 | D:2      | Found a faded altar of an unknown god.
   843 | D:2      | 843 ||| DROPPING +1 whip of venom.
  1009 | D:2      | Reached skill level 1 in Throwing
  1066 | D:2      | Reached skill level 1 in Dodging
  1189 | D:2      | 1189 ||| Stepping ~*~*~tactically~*~*~ (stealth).
  1220 | D:2      | Identified the +4 war axe of Tartarus {flame, rCorr SInv}
  1225 | D:2      | HP: 7/28 [gnoll/the +4 war axe of Tartarus {flame, rCorr
                  | SInv} (5)]
  1225 | D:2      | Slain by a gnoll

Levels and vault maps discovered:
D:1:      minmay_arrival_hallway, layout_loops_ring,
          chequers_serial_rivers_micro_c
D:2:      layout_loops_ring, dreamdust_ecumenical_altar_statues,
          minmay_tetromino_o4

Skill      XL: |  1  2  3  4 |
---------------+-------------+-----
Axes           | 2 3 |  3.6
Throwing       | 1 |  1.2
Dodging        | 1 |  1.1
Fighting       | |  3.2
Armour         | |  3.2
Shields        | |  3.2

Action                     |  1- 3 |  4- 6 || total
---------------------------+-------+-------++-------
  Melee: War axe           |    50 |    17 ||    67
  Throw: Javelin           |       |     7 ||     7
    Use: Scroll            |     4 |       ||     4
 Armour: Scale mail        |    28 |    12 ||    40
  Dodge: Dodged            |    28 |     5 ||    33
  Block: Buckler           |     5 |     5 ||    10

Table legend:
 A = Non-vault XP
 B = Vault XP
 C = Vault XP percentage of total XP
 D = Non-vault monster count
 E = Vault monster count
 F = Vault count percentage of total count
                 A         B        C        D         E       F
            +---------+---------+-------+---------+---------+-------
      Total |     122 |      15 |  10.9 |      28 |       2 |   6.7
            +---------+---------+-------+---------+---------+-------
        D:1 |      25 |       0 |   0.0 |      15 |       0 |   0.0
        D:2 |      97 |      15 |  13.4 |      13 |       2 |  13.3
            +---------+---------+-------+---------+---------+-------
